 Dungeon Crawl Stone Soup version 0.31-a0-981-geadf994542 (webtiles) character file.

Game seed: 13562701849384105690

126 hikkokomori the Digger (level 5, 0/30 HPs)
             Began as a Gargoyle Earth Elementalist on Oct 31, 2023.
             Slain by a goblin
             ... wielding a +0 club
             ... led by Robin
              (5 damage)
             ... on level 2 of the Dungeon.
             The game lasted 00:02:37 (2087 turns).

hikkokomori the Digger (GrEE)                       Turns: 2087, Time: 00:02:38

Health: 0/30       AC:  8    Str: 12    XL:     5   Next: 10%
Magic:  9/9        EV: 11    Int: 17    God:
Gold:   49         SH:  0    Dex: 10    Spells: 8/9 levels left

rFire   . . .        h - +0 broad axe
rCold   . . .        (no shield)
rNeg    + . .        a - +0 robe
rPois   ∞            (no helmet)
rElec   +            (no cloak)
rCorr   .            l - +1 pair of gloves
SInv    .            (no boots)
Will    .....        (no amulet)
Stlth   ++           (no ring)
HPRegen 0.25/turn    (no ring)
MPRegen 0.11/turn

%: no passive effects
@: no status effects
A: sickness immunity, AC +4, negative energy resistance 1, electricity
resistance, torment resistance 1, petrification resistance
a: no special abilities


You were on level 2 of the Dungeon.
You visited 1 branch of the dungeon, and saw 2 of its levels.

You collected 88 gold pieces.
You spent 39 gold pieces at shops.

Inventory:

Hand Weapons
 g - a +0 hand axe
 h - a +0 broad axe (weapon)
Armour
 a - a +0 robe (worn)
 l - a +1 pair of gloves (worn)
Scrolls
 i - 2 scrolls of identify {unknown}
 j - a scroll of silence {unknown}
Potions
 b - a potion of magic
 d - 2 potions of mutation {unknown}
 e - 2 potions of curing
 f - a potion of brilliance {unknown}
 k - a potion of resistance {unknown}


   Skills:
 + Level 2.2 Fighting
 - Level 1.5 Dodging
 + Level 3.5 Stealth
 + Level 2.9 Spellcasting
 - Level 0.7 Transmutations
 + Level 4.5 Earth Magic


You had 8 spell levels left.
You knew the following spells:

 Your Spells              Type           Power      Damage    Failure   Level
a - Sandblast             Erth           36%        2d10      2%          1

Your spell library contained the following spells:

 Spells                   Type           Power      Damage    Failure   Level
 Passwall                 Tmut/Erth      9%         N/A       9%          2
 Necrotise                Necr           8%         1d4       19%         1
 Stone Arrow              Conj/Erth      20%        3d8       21%         3
 Tukima's Dance           Hex            2%         N/A       47%         3
 Vampiric Draining        Necr           2%         2d6       47%         3
 Petrify                  Tmut/Erth      11%        N/A       52%         4
 Brom's Barrelling Bould  Conj/Erth      10%        2d3       56%         4
 Dimensional Bullseye     Hex/Tloc       1%         N/A       87%         4
 Iskenderun's Mystic Bla  Conj/Tloc      2%         2d3       87%         4
 Agony                    Necr           2%         N/A       99%         5


Dungeon Overview and Level Annotations

Branches:
Dungeon (2/15)

Altars:

Shops:
D:2 !

Annotations:
D:2 Robin


Innate Abilities, Weirdness & Mutations

You are immune to sickness and miasma.
Your stone body is resilient. (AC +4)
You are immune to poison.
You resist negative energy. (rN+)
You are resistant to electric shocks. (rElec)
You are resistant to unholy torment.
You are immune to petrification.


Message History

A goblin comes into view. It is wielding a +0 dagger.
The hobgoblin hits you but does no damage.
The goblin shouts!
You hit the goblin but do no damage.
The goblin is severely wounded.
You closely miss the goblin. You closely miss the hobgoblin.
You hear a shout!
Robin throws the goblin at you!
A goblin comes into view. It is wielding a +0 dagger.
The goblin barely misses you. The goblin hits you with a +0 club.
The goblin completely misses you.
The hobgoblin hits you but does no damage.
Unknown command.
Unknown command.
The goblin hits you with a +0 club.
A goblin comes into view. It is wielding a +0 dagger.
You hit the goblin.
You kill the goblin!
You closely miss the goblin. The goblin hits you but does no damage.
Robin throws the goblin at you! The goblin hits you with a +0 dagger.
The goblin hits you with a +0 club. The goblin hits you with a +0 dagger.
You are too injured to fight recklessly!
Unknown command.
You closely miss the goblin. You hit the goblin.
You kill the goblin!
You barely miss the goblin. The goblin hits you with a +0 dagger.
* * * LOW HITPOINT WARNING * * *
The goblin hits you with a +0 club.
* * * LOW HITPOINT WARNING * * *
Unknown command.
You feel better. The goblin hits you with a +0 club. The hobgoblin hits you.
* * * LOW HITPOINT WARNING * * *
The goblin closely misses you.
Unknown command.
Unknown command.
As you read the scroll labelled XUUTOJONI, it crumbles to dust.
It is a scroll of enchant armour.
Your +0 pair of gloves glows green for a moment.
The goblin hits you with a +0 club.
You die...

#########
........#
........#
......#
gggg#####
#gg.?..### ###
#g###...# #.#
#g@g.##.###.#
####..#.##..#
#####
##......####....
###.......#...#
####........##
#.......†.....
#.###.####....
#.##.># ##.#.
#.##.## ##.#.


You could see Robin, 3 hobgoblins and 5 goblins.

Vanquished Creatures
  An orc priest (D:2)
  4 adders (D:2)
  2 worms (D:2)
  A dart slug (D:2)
  3 orcs (D:2)
  2 bats
  3 endoplasms
  5 giant cockroaches
  4 jackals (D:2)
  3 quokkas (D:1)
  2 ball pythons (D:1)
  5 frilled lizards
  8 goblins
  4 kobolds
  6 rats
53 creatures vanquished.

Notes
Turn   | Place    | Note
-------+----------+-------------------------------------------
     0 | D:1      | hikkokomori the Gargoyle Earth Elementalist began the quest
                  | for the Orb.
     0 | D:1      | Reached XP level 1. HP: 10/10 MP: 3/3
   296 | D:1      | Reached XP level 2. HP: 16/16 MP: 3/5
   593 | D:1      | Found a faded altar of an unknown god.
   658 | D:1      | Reached skill level 1 in Fighting
   972 | D:1      | Reached skill level 4 in Earth Magic
  1072 | D:1      | Reached XP level 3. HP: 20/20 MP: 4/6
  1431 | D:2      | Reached XP level 4. HP: 26/26 MP: 2/7
  1735 | D:2      | Reached XP level 5. HP: 13/30 MP: 3/9
  1964 | D:2      | Found Takid's Distillery.
  1981 | D:2      | Bought a potion of curing for 39 gold pieces
  2078 | D:2      | Noticed Robin
  2087 | D:2      | Slain by a goblin

Illustrated notes

Levels and vault maps discovered:
D:1:      amcnicky_arrival_double_pillar, layout_loops_corners,
          shapermc_ecumenical_altar_ellora
D:2:      layout_rooms, serial_shops, shop, grunt_decor_fettered, uniq_robin

Skill      XL: |  1  2  3  4 |
---------------+-------------+-----
Fighting       | 1 2 |  2.2
Earth Magic    | 4 |  4.5
Stealth        | 3 |  3.5
Dodging        | |  1.5
Spellcasting   | |  2.9
Transmutations | |  0.7

Action                     |  1- 3 |  4- 6 || total
---------------------------+-------+-------++-------
  Melee: Unarmed           |     1 |       ||     1
         Broad axe         |       |    13 ||    13
   Cast: Sandblast         |    46 |    25 ||    71
    Use: Scroll            |       |     1 ||     1
         Potion            |       |     1 ||     1
 Armour: Robe              |     8 |    36 ||    44
  Dodge: Dodged            |     8 |    16 ||    24

Table legend: (Time is in decaauts)
 A = Elapsed time spent in this place.
 B = Non-inter-level travel time spent in this place.
 C = Inter-level travel time spent in this place.
 D = Time resting spent in this place.
 E = Time spent auto-exploring this place.
 F = Levels seen in this place.
 G = Mean time per level.
                   A        B        C        D        E       F      G
               +--------+--------+--------+--------+--------+-----+--------+
         Total |   2129 |   2085 |     44 |      0 |   1788 |   2 | 1064.5 |
       Dungeon |   2129 |   2085 |     44 |      0 |   1788 |   2 | 1064.5 |
               +--------+--------+--------+--------+--------+-----+--------+

Top non-repeatable levels by time:
     D:1: 1254 daAuts
     D:2: 874 daAuts
